AoeStats
← OcultoElTopo

Arabia

510910780Analyzed
2v2 RM · 17h ago on Oct 3, 2026· 45m 12s· 4 players
Game mode
Random Map
Map size
Medium (4 player)
Population
200
Speed
Normal
Resources
Standard
Victory
Conquest
Starting age
Dark Age
Ending age
Imperial Age
RankedLock teamsTeams togetherTeam positionsShared explorationLock speedFull tech treeHidden civsTurbo modeCheats
Victory
Defeat
🇦🇷 Khmer · Argentina
1207
+14
🇦🇷 Vietnamese · Argentina
1175
+15
🇦🇷 Maya · Argentina
1168
-15
🇨🇦 Japanese · Canada
1158
-14
Goicoca
0:26 Loom
9:28 Feudal Age
10:51 Man-at-Arms
17:27 Horse Collar
21:41 Castle Age
20:47 Fletching
22:52 Crossbowman
23:52 Padded Archer Armor
23:56 Bodkin Arrow
25:21 Heavy Plow
25:16 Double-Bit Axe
26:33 Pikeman
30:36 Forging
30:27 Scale Mail Armor
35:20 Bow Saw
35:03 Gold Mining
36:23 Squires
37:16 Wheelbarrow
36:27 Town Watch
42:54 Imperial Age
41:44 Hand Cart
41:34 Town Patrol
42:13 Ballistics
44:40 Bracer
45:45 Chemistry
45:20 Conscription
45:00 Elite Plumed Archer
Dègno
11:57 Feudal Age
10:14 Loom
12:23 Double-Bit Axe
12:19 Horse Collar
19:49 Castle Age
21:07 Gold Mining
21:21 Heavy Plow
21:32 Bow Saw
23:49 Pikeman
29:34 Fletching
30:02 Bloodlines
29:53 Husbandry
33:45 Imperial Age
31:37 Padded Archer Armor
32:55 Bodkin Arrow
34:32 Sanctity
35:08 Scale Mail Armor
35:19 Forging
35:53 Wheelbarrow
35:03 Town Watch
36:30 Stone Mining
39:06 Chain Mail Armor
39:27 Iron Casting
OcultoElTopo
4:21 Loom
6:21 Loom
9:36 Feudal Age
10:53 Double-Bit Axe
16:51 Horse Collar
19:14 Wheelbarrow
19:34 Fletching
24:43 Castle Age
23:36 Gold Mining
23:56 Stone Mining
25:12 Scale Barding Armor
25:18 Forging
26:14 Bloodlines
28:18 Chain Barding Armor
29:16 Bow Saw
29:47 Husbandry
33:08 Light Cavalry
34:53 Heavy Plow
37:01 Hand Cart
37:31 Iron Casting
41:00 Imperial Age
42:25 Plate Barding Armor
42:27 Elite Battle Elephant
42:43 Capped Ram
MansionP.
5:02 Loom
10:25 Feudal Age
19:50 Castle Age
18:18 Horse Collar
18:24 Double-Bit Axe
19:13 Scale Barding Armor
20:17 Forging
20:22 Bloodlines
23:27 Husbandry
26:28 Iron Casting
27:07 Padded Archer Armor
27:10 Scale Mail Armor
28:39 Padded Archer Armor
28:30 Fletching
29:23 Bow Saw
29:15 Heavy Plow
29:05 Gold Mining
29:19 Town Watch
30:10 Wheelbarrow
30:46 Stone Mining
31:32 Gold Shaft Mining
31:21 Leather Archer Armor
32:01 Bodkin Arrow
31:33 Elite Skirmisher
32:10 Light Cavalry
36:10 Imperial Age
34:14 Chain Barding Armor
37:31 Plate Barding Armor
36:17 Cavalier
37:17 Hussar
39:01 Blast Furnace
38:59 Bracer
39:35 Ring Archer Armor
41:46 Tusk Swords
42:06 Conscription
42:08 Pikeman
43:04 Chain Mail Armor
44:03 Double Crossbow
43:31 Elite Ballista Elephant
44:46 Hoardings
45:44 Hoardings
44:40 Sappers
45:39 Hand Cart
45:25 Town Patrol
46:02 Stone Shaft Mining
45:58 Crop Rotation
Connection lost

Rejoining the realm…

Still unreachable

The connection could not be restored.

Session expired

The server has moved on; the page needs a fresh start.